[Event "7th Kings Tournament"]
[Site "Bucharest"]
[Date "2013.10.08"]
[Round "2"]
[White "Wang, Hao"]
[Black "Radjabov, Teimour"]
[Result "1/2-1/2"]
[ECO "D40"]
[WhiteElo "2733"]
[BlackElo "2723"]
[PlyCount "71"]
[EventDate "2013.??.??"]
[EventCountry "ROU"]
[TimeControl "40/7200:20/3600:900+30"]

{The second round of the Kings Tournament finished with two draws. In both
games Black didn’t have opening problems and equalized rather comfortably.
In Wang Hao-Radjabov White was trying to squeeze an advantage in a typical
middlegame position against an isolated queen’s pawn, but Black’s active
knights always secured Black good play. The draw was agreed on move 36 in an
equal rooks endgame.  Having the black pieces Nisipeanu surprised Ponomariov
in the opening by choosing the Petrov’s Defence. Black quickly achieved a
comfortable position and in order to create some activity the former World
Champion decided to launch an attack on the kingside. However, with his
powerful centralized pieces Black’s position was very solid and he never was
in real danger. Both players showed good tactical skills and a forced play led
to an equal endgame, where the draw was agreed also on move 36.  Thus after
two rounds Caruana has one point out of one game, Ponomariov and Radjabov have
one point out of two games, Wang Hao and Nisipeanu have half a point, but the
Chinese GM played just one game, whereas Nisipeanu played two games.} 1. c4 c5
2. Nf3 Nc6 3. Nc3 Nf6 4. e3 e6 5. d4 d5 {[#]  From the English Opening the
game transposed to one of the quiet lines of the Tarrasch Defence. In a
symmetrical position White hopes to use his extra tempo and achieve some
advantage. The practice showed that Black doesn't have particular problems in
this line.} 6. a3 a6 7. dxc5 Bxc5 8. b4 Bd6 9. cxd5 exd5 10. Bb2 O-O 11. Be2
Re8 12. O-O Bg4 {[#]} 13. b5 ({More often White plays} 13. Rc1) 13... Na5 ({
Less sense for Black makes} 13... axb5 14. Nxb5 {and White achieves the
desired regrouping of pieces, although even here the position is very close to
equal.}) 14. bxa6 bxa6 15. Na4 Nc4 16. Bd4 ({In two previous games with this
position White took the pawn} 16. Bxf6 Qxf6 17. Qxd5 {but then Black can try
to use his piece activity with} Ne5 {(which wasn't played before), with good
compensation.}) 16... Ne4 17. Nc3 {[#]  In this position Radjabov took almost
20 minutes to decide how to continue. Indeed, there are several options and
many variations to calculate.} Qa5 $5 ({The tempting} 17... Bxf3 18. Bxf3 Ncd2
{leads to a position where only White can try to play for a win:} (18... Ned2
$2 19. Bxd5 {is bad for Black.}) 19. Bxe4 $1 (19. Re1 $4 {loses due to} Bxh2+
20. Kxh2 Qh4+ 21. Kg1 Qxf2+ 22. Kh2 Re6) 19... Nxe4 20. Nxe4 dxe4 ({Also after
} 20... Rxe4 21. h3 {White can claim an edge.}) 21. Qa4 {White has a small
plus, but the most likely result is draw anyway.}) 18. Bxc4 dxc4 19. Nxe4 Rxe4
20. h3 {[#]} ({After the immediate} 20. Bxg7 $2 {Black has} Bxh2+ ({or} 20...
Rd8 21. Bd4 Qh5 {with a powerful attack}) 21. Kxh2 Kxg7 {with advantage for
Black.}) 20... Bxf3 {The correct decision. As demonstrated by Radjabov after
the game, the alternatives are in White's favour:} (20... Bxh3 21. gxh3 Qh5 (
21... Qf5 22. Ne1 (22. Nh2 $2 Bxh2+ 23. Kxh2 Rh4 $19) 22... Qxh3 23. f4 Rxe3
24. Bxe3 Qxe3+ 25. Kg2) 22. Nh2 $1 Qxh3 23. f4 Rxe3 24. Bxe3 Qxe3+ 25. Kg2 $16)
({After} 20... Bh5 {White can already take the pawn} 21. Bxg7 Re6 (21... Rd8
22. Bd4) (21... Kxg7 22. Qxd6 Bxf3 23. gxf3 $16) 22. Bd4 Rg6 23. Re1) 21. Qxf3
Rae8 22. Rfc1 (22. Rac1 $5 Bxa3 23. Rxc4) 22... Qd5 $1 23. Rd1 Be5 24. Bc3 Qe6
25. Rac1 Bxc3 26. Rxc3 g6 {[#]} 27. Qg3 Qf6 28. Rc2 Rd8 29. Qf3 Rxd1+ 30. Qxd1
Qb6 31. Rc3 Qc5 32. Qc1 h5 33. f3 Re6 34. Rxc4 Qxe3+ 35. Qxe3 Rxe3 36. a4
1/2-1/2

[Event "7th Kings Tournament"]
[Site "Bucharest"]
[Date "2013.10.08"]
[Round "2"]
[White "Ponomariov, Ruslan"]
[Black "Nisipeanu, Liviu-Dieter "]
[Result "1/2-1/2"]
[ECO "C42"]
[WhiteElo "2751"]
[BlackElo "2674"]
[PlyCount "72"]
[EventDate "2013.??.??"]
[EventCountry "ROU"]
[TimeControl "40/7200:20/3600:900+30"]

1. e4 e5 2. Nf3 Nf6 {Surprize! Nisipeanu played the Russian's Game (also known
as the Petrov's Defence) only once before and that happened long ago - in 1996
- when he was facing his trainer...} 3. Nxe5 d6 4. Nf3 Nxe4 5. Nc3 {A
fashionable modern line.} Nxc3 6. dxc3 Be7 7. Bf4 O-O 8. Qd2 Nd7 9. O-O-O Nc5
10. Be3 c6 ({One of the best specialists of this opening, Vladimir Kramnik
usually preferred here} 10... Re8) 11. c4 {Caught by surprize Ponomariov
chooses a move with a poor reputation.} ({The main continuation is} 11. Bxc5
dxc5 12. Qf4) 11... Ne4 12. Qe1 Re8 13. Bd3 Bf6 14. Qb4 c5 15. Qb3 b6 {[#]  We
can draw the conclusion after the opening: the white queen is somewhat
misplaced on b3 and Black has an easy play.} 16. c3 {The queen wants to return
to c2.} Bb7 17. Qc2 Re6 {[#]  As mentioned before Black is extremely solid.
White can play something like Rhe1 or maybe Nd2 at once, but these moves will
most likely lead to exchange of pieces and positions where White can hardly
play for a win. Instead of this Ponomariov chooses the most aggressive plan:
to attack black king!} 18. h4 $5 h6 (18... h5 {was another option, although
the Romanian GM didn't like White's possibility to jump with the knight to g5 
(now or later on).}) 19. Rh3 Qd7 20. g4 Re7 21. Rg1 h5 {[#]  A very sharp play
begins!} ({A good alternative was} 21... d5 $1 {which Nisipeanu saw during the
game, but he was very tempted by the advance of the h-pawn.}) 22. Ng5 $1 Rae8 (
{The consequences of} 22... hxg4 23. Bxe4 Bxg5 {was difficult to evaluate
during the game. They lead to a double-edged position after} 24. Bxb7 Bxe3+ (
24... Rxe3 $2 25. hxg5) 25. fxe3 Qxb7 26. Rxg4) 23. Qd1 $1 {Again the
strongest move.} hxg4 24. Rxg4 Bc8 {[#]} 25. Nxe4 {The start of a forced
variation, leading to an equal endgame.} Rxe4 26. Rxe4 Rxe4 27. Bxe4 Qxh3 28.
Qxd6 Qf1+ 29. Kc2 Qxc4 30. Qc6 Qe6 31. Qa8 Qe8 32. h5 {[#]} Bd7 33. Qb7 ({More
precise is} 33. Qxe8+ Bxe8 34. Bf4 Bd8 35. Kd3 {and in opposite to the game it
is Black who needs some accuracy.}) 33... Bg4 {Nisipeanu shows his ambitions,
attacking pawn h5 and threatening Qa4+.} ({Black could repeat the moves
instead with} 33... Bc8 34. Qa8 Bd7) 34. f3 ({After} 34. Bd5 {Black plays the
simple} Bxh5) 34... Bxf3 35. Bxf3 Qxe3 36. Kb3 {[#]  Black is a pawn up, but
White's king is safer. The opposite-coloured bishops neutralize completely
Black's slight material advantage and after} Qe7 {the draw was agreed.} 1/2-1/2

[Event "7th Kings Tournament"]
[Site "Bucharest"]
[Date "2013.10.09"]
[Round "3"]
[White "Caruana, Fabiano"]
[Black "Ponomariov, Ruslan"]
[Result "1/2-1/2"]
[ECO "C42"]
[WhiteElo "2779"]
[BlackElo "2751"]
[PlyCount "81"]
[EventDate "2013.??.??"]
[EventCountry "ROU"]
[TimeControl "40/7200:20/3600:900+30"]

{In today’s round players with the White pieces put considerable pressure on
their opponent’s. Caruana achieved a pleasant strategic advantage against
Ponomariov, but converting it into a full point proved to be impossible and
the draw was agreed on move 41. In the other game Wang Hao with the black
pieces was constantly under pressure against Nisipeanu and lost an exchange in
a complicated middlegame. The arising endgame was difficult for Black and
Nisipeanu converted his advantage by sacrificing back the exchange and
creating a passed pawn, which decided the game. White won on move 42.} 1. e4 e5
2. Nf3 Nf6 {Apparently the Petrov's Defence is starting to be popular in
Bucharest.} 3. Nxe5 d6 4. Nf3 Nxe4 5. Nc3 Nxc3 6. dxc3 Be7 7. Be3 ({Ponomariov
himself against Nisipeanu played yesterday} 7. Bf4 {but the opening outcome
was more than satisfactory for Black.}) 7... Nc6 8. Qd2 O-O ({Another plan is} 
8... Be6 9. O-O-O Qd7 {after which Black can choose later which side to castle.
}) 9. O-O-O Ne5 {[#]  Caruana had this position in his previous practice four
times and in all games he inevitably chose 10.h4. But in the present game the
Italian GM went for a completely different set-up.} 10. Nxe5 {A relatively
rare move, never met on the high level before.} dxe5 11. Bd3 Be6 {[#]  Looking
at the position it seems that Black is doing very well thanks to his superior
pawn structure. All he needs to do is to exchange pieces, ideally the queens.
But obviously things are not so simple. White will avoid the exchange of
queens and will try to create some activity on the kingside, using the fact
that his own king is potentially better protected against a possible advance
of opponent's pawns. As we'll see soon, Caruana's plan is to provoke the
advance f5-f4 and then use square e4 for his pieces.} 12. Qe2 Qe8 13. Kb1 f5 {
After some 20 minutes of thought Ponomariov chooses the most natural move in
the position: Black is trying to make use of his kingside pawn majority.} 14.
Bc4 Bf6 {A serious inaccuracy, after which Black will suffer the entire game. 
[#]} ({As indicated after the game by the players, Black shouldn't have had
much problems after} 14... Bd6) 15. g4 $1 {Now suddenly White gets a strategic
advantage.} Bxc4 ({If Black tries to keep his mighty pawn on f5 with} 15... g6
{then after} 16. gxf5 gxf5 17. Bh6 {White has good attacking prospects.}) (
15... fxg4 16. Qxg4 $14) 16. Qxc4+ Qf7 17. Qb4 $1 {As mentioned before, White
is avoiding the trade of queens.} ({Black has no problems whatsoever in
endgame:} 17. Qxf7+ Rxf7 18. gxf5 Bh4 $5) 17... f4 18. Bc5 (18. Bc1 {was
suggested by Caruana as a possible improvement. The idea is to transfer later
the bishop to the long diagonal to put pressure on e5.}) 18... Rfb8 {
Protecting b7.} 19. f3 b6 (19... Bh4 $5) 20. Bf2 Rd8 21. Qe4 $14 {[#]} Qe6 22.
c4 g6 23. h4 Kf7 24. h5 c6 25. a4 ({Here White missed the opportunity to
transfer the bishop to the desired diagonal:} 25. hxg6+ hxg6 26. Bd4 $1 {and}
Qxc4 $2 {loses due to} 27. Rh7+ Ke6 28. Qxg6) 25... Rxd1+ 26. Rxd1 Rd8 27.
hxg6+ hxg6 28. Rxd8 Bxd8 29. Be1 a5 $1 30. Bf2 Qd6 31. Kc1 Ke8 32. c3 Kd7 33.
Kc2 c5 {[#]  White's positional advantage is not enough for a win.} 34. Qb7+
Bc7 35. Qd5 g5 $1 (35... Qxd5 36. cxd5 {looks very dangerous for Black. After
the game Ponomariov indicated the following win for White if Black continues}
Kd6 {:} 37. Kd3 Kxd5 38. c4+ Ke6 39. Bh4 $1 Kd6 40. Ke4 Ke6 41. b3 Kd6 42. Bf6
Ke6 43. g5 {and Black loses due to zugzwang.}) 36. Be1 Ke7 37. Qe4 Qh6 38. Bd2
Qh1 {Now that Black has counterplay Caruana gave up his hopes.} 39. Qb7 Kd8 40.
b4 Qf1 41. Qd5+ 1/2-1/2

[Event "7th Kings Tournament"]
[Site "Bucharest"]
[Date "2013.10.09"]
[Round "3"]
[White "Nisipeanu, Liviu-Dieter"]
[Black "Wang, Hao"]
[Result "1-0"]
[ECO "E50"]
[WhiteElo "2674"]
[BlackElo "2733"]
[PlyCount "83"]
[EventDate "2013.??.??"]
[EventCountry "ROU"]
[TimeControl "40/7200:20/3600:900+30"]

1. d4 Nf6 2. c4 e6 3. Nc3 Bb4 4. e3 O-O 5. Bd3 c5 6. Nf3 b6 {[#]} 7. d5 {
Although played from time to time on the highest level, this ambitious move
came as a surprise for Wang Hao, who in reply thought for almost half an hour.}
({Much more popular is} 7. O-O Bb7 8. Na4 {but then after} cxd4 9. exd4 Re8 10.
a3 Bf8 {the practice showed that Black has a flexible and healthy position.})
7... exd5 8. cxd5 Ba6 {Played after another 10 minutes of thought. Wang Hao's
task is to complete development as quickly as possible.} ({The following
variation is considered to be the real test for White's opening choice:} 8...
h6 9. e4 ({after} 9. O-O {Black can take the pawn:} Bxc3 10. bxc3 Nxd5 {and
White's compensation for the pawn is most likely enough just for equality})
9... Nxe4 10. Bxe4 Bxc3+ 11. bxc3 Re8 12. Nd2 f5 13. O-O fxe4 {but without
home analysis this complicated and very unclear position is rather unwise to
play against a good prepared opponent.}) 9. O-O Re8 10. e4 {A new move.} (10.
Bxa6 Nxa6 11. Nb5 d6 12. a3 Qd7 13. Qd3 Ba5 14. Rb1 {was slightly better for
White in Ragger,M (2680)-Swiercz,D (2654) Martuni 2013}) 10... Bxd3 11. Qxd3 {
[#]} d6 {Following the initial plan to complete development is the right
decision.} ({Instead, taking the pawn on e4 is dubious:} 11... Bxc3 12. bxc3
Nxe4 ({or} 12... Rxe4 13. Bg5) 13. Re1 f5 (13... Nf6 14. Bg5 {is highly
unpleasant for Black, who can quickly find himself in a lost position. For
instance:} Rxe1+ 15. Rxe1 d6 16. Bxf6 gxf6 17. Nh4 {is already winning for
White.}) 14. Ng5 $5 {with a strong initiative for the sacrificed pawn.}) 12.
Bg5 Nbd7 13. Rae1 {Keeping the rook on f1 is a very ambitious plan. The
Romanian GM hopes to play f4 and e5 one day.} h6 14. Bd2 {Now White is ready
to recapture on c3 with the bishop, where it will be perfectly placed.} ({The
logical looking move} 14. Bf4 {in reality does not attack the pawn on d6. For
instance Black can continue} a6 {and then} 15. Bxd6 $2 {loses a piece due to}
c4) 14... Ng4 15. a3 Ba5 (15... Bxc3 16. Bxc3 $14) 16. Qb1 $1 (16. b4 cxb4 17.
Nb5 {might look tempting, but it does not really work in view of} Nc5 18. Qb1
bxa3 19. Bxa5 bxa5 20. Nxa3 Rb8 {with excellent play for Black.}) 16... c4 {
This defence against White's threat b2-b4 has the obvious drawback of giving
up square d4.} 17. Nd4 Nc5 18. h3 Ne5 {[#]} 19. Re3 $1 {White removes the rook
from a possible attack (after Nd3) and is ready to advance the f-pawn.} Nb3 ({
Probably a better alternative is} 19... Rc8 20. f4 (20. Nc2) 20... Bxc3 21.
Bxc3 ({or} 21. Rxc3 Ng6) 21... Ned3 {with a double-edged position.}) 20. Nxb3
cxb3 21. Rg3 {[#]} Qh4 {Wang Hao considers this to be the decisive mistake,
after which "Black's position is just very bad".} ({In opinion of Chinese GM
Black should be fine after} 21... Qf6) 22. Be1 Nd7 (22... Nc4 23. Qd1 {wins
the b3-pawn, because} Nxb2 24. Qxb3 {loses the knight.}) 23. Nb5 $1 {Now White
wins material. It must be said that Wang Hao had only about 10 minutes left
for the rest of 17 moves to reach the time control (I remind that the players
get 30 seconds increment only after move 61), which makes his task even more
difficult.} Qxe4 24. Bxa5 bxa5 25. Nc7 ({Much weaker is} 25. Nxd6 Qxb1 26. Rxb1
Re5) 25... Qxb1 26. Rxb1 Nc5 27. Nxa8 Rxa8 {[#]  The endgame should be
technically winning or White, but the time trouble played some role later:
Nisipeanu gave a chance to his opponent to complicate matters, which with few
seconds left Wang Hao didn't use though.} 28. Re3 Kf8 29. Rc1 g5 30. Rc4 {
Nisipeanu had in mind a very interesting plan: to sac back the exchange and
enter a winning rooks endgame.} ({A safe winning plan is} 30. Rf1 {followed by
f2-f4 and White must be winning without big complications.}) 30... Kg7 31. Kf1
Kf6 32. Ke2 h5 33. a4 Rg8 {[#]} 34. Rxc5 $5 {The arising position after this
sacrifice looks completely winning for White. However, taking such decisions
with little time is quite risky, taking into consideration the drawing
reputation of rooks endgames.} dxc5 35. Kd3 g4 {Black is trying to activate
his rook.} 36. h4 {White prevents opponent's intentions. It must be said that
Wang Hao had only one minute left on the clock.} g3 37. f3 {[#]} Rb8 $2 {
Finally the time trouble plays its role.} ({The only chance for Black was} 
37... c4+ {even if after the correct} 38. Kd4 $1 {it is unclear if Black can
save himself.} (38. Kxc4 Rc8+ 39. Kxb3 Rd8)) 38. Kc4 Rb4+ 39. Kxc5 Rxh4 40. d6
Rh1 41. Rd3 Rc1+ 42. Kb5 1-0

[Event "7th Kings Tournament"]
[Site "Bucharest"]
[Date "2013.10.10"]
[Round "4"]
[White "Wang, Hao"]
[Black "Caruana, Fabiano"]
[Result "1/2-1/2"]
[ECO "D85"]
[WhiteElo "2733"]
[BlackElo "2779"]
[PlyCount "94"]
[EventDate "2013.??.??"]
[EventCountry "ROU"]
[TimeControl "40/7200:20/3600:900+30"]

{Today the first game to finish was Wang Hao-Caruana. In a rare variation of
the Gruenfeld Defense on the Black’s side Caruana implemented a novelty
already on move seven, designed to sacrifice a pawn for pieces’ activity.
Wang Hao was well prepared and continued to play quickly for a while, but
White didn’t get anything special and at some point the Italian GM equalized
comfortably. In the resulting rook endgame the players could not avoid the
inevitable draw.  The second game lasted much longer: Radjabov with the white
pieces against Nisipeanu achieved an advantage after the opening and at some
point Black’s position looked highly unpleasant. However, with accurate
defense the Romanian GM neutralized opponent’s initiative and practically
equalized completely the position, only to blunder a pawn before the first
time control. After that Radjabov was trying to convert an extra pawn in a
rook and bishop endgame versus rook and knight, which finally resulted in a
pawnless theoretically drawish endgame rook and bishop versus rook. Nisipeanu
demonstrated his knowledge and finally achieved the desired draw on move 116.} 
1. d4 Nf6 2. c4 g6 3. Nc3 d5 4. cxd5 Nxd5 {[#]} 5. Bd2 Nb6 6. e3 {Much more
often White continues 6.Bg5 or 6.Nf3, but Wang Hao had already played this
move before.} Bg7 7. f4 {[#]} c5 {A very rare case in modern chess: novelty on
move 7!} (7... O-O 8. Nf3 a5 9. Rc1 {happened just few months ago in Wang Hao 
(2752)-Grischuk,A (2780), Beijing 2013.}) 8. dxc5 N6d7 9. Na4 {If Black
recaptures the sacrificed pawn without making concessions he should be doing
more than fine, so for the moment White is trying to keep his extra pawn.} ({
Other options were} 9. b4) ({and} 9. Ne4) 9... e5 {Logical: Caruana opens the
center, using the fact that opponent's knight went to the edge of the board.}
10. Nf3 exf4 11. exf4 O-O 12. Bc4 b6 $5 {Played after more than half an hour
of thinking. Black sacrifices a pawn in order to be able to use the weaknesses
in opponent's pawn formation.} (12... Re8+ {was tempting, although after} 13.
Kf2 {Black cannot make use of the temporary slightly exposed position of white
king.}) ({Wang Hao mentioned that he remembers that after} 12... Nxc5 13. Nxc5
Qe7+ 14. Qe2 Qxc5 15. Rc1 {"Black must still make a lot of precise moves and
even after that White has a slightly better endgame".}) 13. O-O {An almost
instant answer by Wang Hao.} (13. cxb6 Nxb6 14. Nxb6 Qxb6 {offers Black an
obvious compensation.}) ({It is important that} 13. Bd5 {doesn't work for
White:} Nxc5 14. Bxa8 Nd3+ 15. Kf1 Ba6 {and Black wins.}) 13... Ba6 ({After
the game Caruana said that possibly} 13... Nxc5 {is a better way for Black to
equalize:} 14. Nxc5 bxc5 15. Bc3 Bxc3 16. bxc3 Ba6) 14. Bxa6 ({As established
in the post-mortem analysis, Black's compensation is obvious in the variation} 
14. Bd5 Bxf1 15. Kxf1 Na6 16. Bxa8 Qxa8 17. cxb6 Nxb6 18. Nxb6 axb6 19. Bc3
Bxc3 20. bxc3 Nc5) 14... Nxa6 {[#]} 15. c6 {Only around here did Wang Hao
start to consume more time. However, it seems that White cannot achieve any
sensible advantage.} ({Also now} 15. cxb6 Nxb6 {is good for Black. For
instance:} 16. Nxb6 Qxb6+ 17. Kh1 Qxb2 {and White must already think about
keeping the balance.}) 15... Ndc5 16. Nxc5 (16. Rb1 {is also no problem for
Black:} Qd5 ({or} 16... Ne4) 17. b4 Ne4) 16... Nxc5 17. Bc3 ({Another try was} 
17. Qc2 {with the idea} Qc7 ({better is} 17... Rc8 18. Bc3 Qd3) ({or} 17... Qe8
{and if} 18. Bc3 {then} Qe3+) 18. Bc3 Bxc3 19. Qxc3 {and Black cannot take on
c6 in view of b2-b4.}) 17... Bxc3 18. bxc3 Rc8 19. Nd4 Ne6 {White is not able
to keep his extra pawn on c6 and Black equalizes completely.} 20. Nxe6 fxe6 21.
Qa4 Qc7 22. Rad1 a5 (22... Qxc6 23. Qxa7 Ra8 24. Qd7 Qxd7 25. Rxd7 Rxa2 {is
also a draw.}) 23. g3 Qxc6 24. Qxc6 Rxc6 {[#]  The endgame is of course
drawish. In the following part it looked like Black got some chances for
advantage, although after the game Wang Hao said he never felt any danger.} 25.
Rfe1 Rf7 26. Rd2 Rfc7 27. Kf2 Kf7 28. Rb1 Rb7 29. Rd3 Ke7 30. g4 Rc4 31. Kg3 b5
32. Rb2 Rc5 {[#]} 33. a4 Rd7 34. Rxd7+ Kxd7 35. axb5 Rxc3+ (35... Kc7 36. Re2
$11) 36. Kh4 Rc5 37. b6 Kc8 38. Re2 a4 39. Rxe6 Ra5 (39... a3 40. Re2 Ra5 41.
Ra2 Kb7 42. f5 gxf5 43. gxf5 Kxb6 44. f6 $11) 40. Re5 Rxe5 41. fxe5 a3 42. e6
a2 43. e7 Kd7 44. b7 a1=Q 45. e8=Q+ Kxe8 46. b8=Q+ Kf7 47. Qc7+ Kg8 1/2-1/2